 Dungeon Crawl Stone Soup version 0.26.1-11-gd32895ea62 (webtiles) character file.

Game seed: 7881190768607675267

1391 soggyman666 the Stinger (level 8, -11/56 HPs)
             Began as a Demonspawn Venom Mage on June 13, 2021.
             Shot with an arrow by a centaur (12 damage)
             ... while paralysed by Grinder
             ... on level 6 of the Dungeon.
             The game lasted 00:46:24 (7717 turns).

soggyman666 the Stinger (Demonspawn Venom Mage)     Turns: 7717, Time: 00:46:25

Health: -11/56     AC:  4    Str:  9    XL:     8   Next: 40%
Magic:  6/15       EV:  2    Int: 16    God:
Gold:   256        SH:  0    Dex: 16    Spells: 7/16 levels left

rFire    . . .     SeeInvis .   n - +1 dagger (venom)
rCold    . . .     Faith    .   (no shield)
rNeg     . . .     Spirit   .   a - +0 robe
rPois    .         Reflect  +   (helmet restricted)
rElec    .         Harm     .   (no cloak)
rCorr    .         Rampage  .   (no gloves)
Will     .....                  (no boots)
Stlth    +++.......             l - amulet of reflection
HPRegen  0.18/turn              e - ring of stealth
MPRegen  0.14/turn              (no ring)

@: paralysed
A: antennae 2, yellow scales 1, spiny 2, miasma immunity
a: no special abilities


You were on level 6 of the Dungeon.
You visited 1 branch of the dungeon, and saw 6 of its levels.

You collected 256 gold pieces.

Inventory:

Hand Weapons
 n - a +1 dagger of venom (weapon)
Armour
 a - a +0 robe (worn)
Jewellery
 e - a ring of stealth (left hand)
 l - an amulet of reflection (around neck)
Wands
 q - a wand of enslavement (7)
Scrolls
 f - 2 scrolls of amnesia
 o - 2 scrolls of remove curse
 p - a scroll of magic mapping
 r - a scroll of identify
Potions
 b - a potion of brilliance {unknown}
 c - a potion of magic {unknown}
 d - 5 potions of degeneration {unknown}
 g - 7 potions of heal wounds
 h - 6 potions of curing
 i - a potion of invisibility {unknown}
 j - a potion of attraction {unknown}
 k - 2 potions of might {unknown}
 m - a potion of lignification {unknown}


   Skills:
 * Level 2.0 Fighting
 * Level 1.5 Short Blades
 * Level 1.1 Armour
 + Level 2.3 Dodging
 + Level 2.5 Stealth
 * Level 2.3 Shields
 - Level 1.1 Unarmed Combat
 + Level 4.8 Spellcasting
 + Level 3.5 Transmutations
 + Level 0.5 Fire Magic
 + Level 1.1 Air Magic
 + Level 6.1 Poison Magic
 * Level 1.7 Evocations


You had 7 spell levels left.
You knew the following spells:

 Your Spells              Type           Power        Failure   Level
a - Sting                 Tmut/Pois      76%          2%          1
b - Poisonous Vapours     Pois/Air       30%          5%          2
c - Mephitic Cloud        Conj/Pois/Air  11%          17%         3
d - Ignite Poison         Fire/Tmut/Pois 14%          12%         3

Your spell library contained the following spells:

 Spells                   Type           Power        Failure   Level
 Olgreb's Toxic Radiance  Pois           23%          13%         4
 Animate Skeleton         Necr           6%           16%         1
 Apportation              Tloc           6%           16%         1
 Corona                   Hex            3%           16%         1
 Summon Small Mammal      Summ           12%          16%         1


Dungeon Overview and Level Annotations

Branches:
Dungeon (6/15)
 Temple: D:4-7

Altars:
Dithmenos
Makhleb

Annotations:
D:6 Grinder


Innate Abilities, Weirdness & Mutations

You have a pair of antennae on your head.
You are partially covered in yellow scales. (AC +2)
You are mostly covered in sharp spines.
You are immune to miasma.


Message History

You struggle to resist.
Casting: Mephitic Cloud (dangerous; 17% risk of failure)
Confirm with . or Enter, or press ? or * to list all spells.
You ignite the poison in your surroundings!
Grinder is engulfed in blazing flames.
Grinder is engulfed in blazing flames.
Grinder gestures at you. Pain shoots through your body!
* * * LOW HITPOINT WARNING * * *
Grinder says, "Just stop there for a second..."
Grinder gestures at you.
You suddenly lose the ability to move!
The centaur shoots an arrow.
The arrow hits you.
* * * LOW HITPOINT WARNING * * *
Grinder gestures at you.
You shrug off the repeated paralysis!
The centaur shoots an arrow.
The arrow hits you!
* * * LOW HITPOINT WARNING * * *
The centaur shoots an arrow.
The arrow hits you!
You die...

.........#........#......#......#
.........'........#......#......#
##'#######........#......#......#
...#.........)....#......#......#
...#..............#......#......#
...#..............#......#.{o...'
...#..............#......#......#
####..............####o###..(...#
.###########@.5......(......#
#....c....(......+
#................#
#................#
#................#
##############+###


You could see Grinder, a centaur and an orc.

Vanquished Creatures
  Maggie (D:6)
  Sigmund (D:6)
  A sky beast (D:5)
  An ogre (D:4)
  A centaur (D:5)
  A water moccasin zombie (D:5)
  A howler monkey (D:5)
  A hound (D:5)
  A jelly (D:5)
  2 orc priests (D:6)
  A bullfrog skeleton (D:4)
  6 orc wizards
  2 worker ants
  Robin (D:2)
  4 adders
  A shadow imp (D:5)
  A white imp (D:5)
  An ooze (D:5)
  2 ufetubi (D:5)
  3 adder skeletons
  5 worms
  4 dart slugs (D:1)
  2 leopard geckos
  22 orcs
  5 giant cockroaches
  12 hobgoblins
  6 jackals
  3 quokkas
  3 ball pythons
  13 bats
  5 frilled lizards
  15 goblins
  11 kobolds
  A leopard gecko skeleton (D:4)
  10 rats
150 creatures vanquished.

Notes
Turn   | Place    | Note
-------+----------+-------------------------------------------
     0 | D:1      | soggyman666 the Demonspawn Venom Mage began the quest for
                  | the Orb.
     0 | D:1      | Reached XP level 1. HP: 13/13 MP: 3/3
   170 | D:1      | Reached skill level 1 in Transmutations
   446 | D:1      | Gained mutation: You are immune to miasma. [demonic
                  | ancestry]
   446 | D:1      | Reached XP level 2. HP: 17/19 MP: 1/5
   996 | D:1      | Gained mutation: You have a pair of small antennae on your
                  | head. [demonic ancestry]
   996 | D:1      | Reached XP level 3. HP: 24/24 MP: 2/6
  1819 | D:2      | Noticed Robin
  1885 | D:2      | Killed Robin
  1910 | D:2      | Gained mutation: You are partially covered in sharp spines.
                  | [demonic ancestry]
  1910 | D:2      | Reached XP level 4. HP: 13/30 MP: 0/8
  2112 | D:2      | Learned a level 2 spell: Poisonous Vapours
  2531 | D:2      | Reached skill level 4 in Poison Magic
  3017 | D:3      | Gained mutation: You are partially covered in yellow
                  | scales. (AC +2) [demonic ancestry]
  3017 | D:3      | Reached XP level 5. HP: 35/35 MP: 1/9
  4383 | D:4      | Noticed an ogre
  4393 | D:4      | Killed an ogre
  4394 | D:4      | Reached XP level 6. HP: 37/41 MP: 4/11
  4907 | D:5      | Entered Level 5 of the Dungeon
  4916 | D:5      | Reached skill level 5 in Poison Magic
  4947 | D:5      | Reached skill level 1 in Shields
  5522 | D:5      | Gained mutation: You are mostly covered in sharp spines.
                  | [demonic ancestry]
  5522 | D:5      | Reached XP level 7. HP: 25/46 MP: 6/12
  5794 | D:5      | Reached skill level 1 in Unarmed Combat
  5987 | D:5      | Found a burning altar of Makhleb.
  6187 | D:5      | Reached skill level 1 in Air Magic
  6247 | D:5      | Learned a level 3 spell: Mephitic Cloud
  6479 | D:5      | Reached skill level 1 in Evocations
  6525 | D:5      | Learned a level 3 spell: Ignite Poison
  6974 | D:5      | Reached skill level 1 in Fighting
  7108 | D:4      | Found a shadowy altar of Dithmenos.
  7308 | D:6      | Noticed Sigmund
  7329 | D:6      | Killed Sigmund
  7330 | D:6      | Reached skill level 1 in Short Blades
  7330 | D:6      | Gained mutation: You have a pair of antennae on your head.
                  | [demonic ancestry]
  7330 | D:6      | Reached XP level 8. HP: 49/54 MP: 11/14
  7389 | D:6      | Noticed Maggie
  7403 | D:6      | Killed Maggie
  7404 | D:6      | Reached skill level 1 in Armour
  7404 | D:6      | Reached skill level 6 in Poison Magic
  7690 | D:6      | Noticed Grinder
  7698 | D:6      | Paralysed by Grinder for 2 turns
  7713 | D:6      | Paralysed by Grinder for 5 turns
  7716 | D:6      | HP: 1/56 [centaur/arrow (7)]
  7717 | D:6      | Shot with an arrow by a centaur

Illustrated notes

Levels and vault maps discovered:
D:1:      dpeg_arrival_leaves_temple_mockup, layout_loops_corners
D:2:      layout_loops_ring, serial_park_tiny_pond, uniq_robin
D:3:      layout_loops_ring
D:4:      lemuel_upstairs_altar, layout_basic, kennysheep_generic_room_6
D:5:      layout_basic, minivault_26, st_stairs_6, supply_closet_lemuel,
          makhleb_blood_cavern_becter
D:6:      layout_gridville, minmay_temple_entry_butterflies,
          ebering_ghost_inner_flame, uniq_grinder, uniq_sigmund, uniq_maggie,
          uniq_edmund

Skill      XL: |  1  2  3  4  5  6  7  8 |
---------------+-------------------------+-----
Transmutations | 1 2 3 |  3.5
Poison Magic   | 4 5 6 |  6.1
Stealth        | 2 |  2.5
Spellcasting   | 3 4 |  4.8
Dodging        | 2 |  2.3
Shields        | 1 2 |  2.3
Unarmed Combat | 1 |  1.1
Air Magic      | 1 |  1.1
Evocations     | 1 |  1.7
Fighting       | 1 2 |  2.0
Short Blades   | 1 |  1.5
Armour         | 1 |  1.1
Fire Magic     | |  0.5

Action                   |  1- 3 |  4- 6 |  7- 9 || total
-------------------------+-------+-------+-------++-------
Melee: Unarmed           |     9 |    62 |    17 ||    88
       Dagger            |       |       |     6 ||     6
 Cast: Sting             |    70 |    73 |    45 ||   188
       Poisonous Vapours |       |    28 |    10 ||    38
       Mephitic Cloud    |       |       |     9 ||     9
       Ignite Poison     |       |       |    10 ||    10
  Use: Scroll            |       |     6 |     1 ||     7
       Potion            |       |     1 |       ||     1
 Stab: Sleeping          |       |     1 |       ||     1
Armor: Robe              |     9 |    19 |     5 ||    33
Dodge: Dodged            |    41 |    53 |    22 ||   116
Block: Other             |       |    17 |    15 ||    32
       Reflection        |       |       |     4 ||     4
